 Dungeon Crawl Stone Soup version 0.30-a0-651-g0755cc6dcf (webtiles) character file.

Game seed: 7018347665072768889

5422 Decipherer the Spear-Bearer (level 10, 0/94 HPs)
             Began as a Gargoyle Berserker on Jan 18, 2023.
             Was an Elder of Trog.
             Slain by an orc knight
             ... wielding a +0 halberd
              (21 damage)
             ... in a bailey.
             The game lasted 00:08:41 (6625 turns).

Decipherer the Spear-Bearer (Gargoyle Berserker)    Turns: 6625, Time: 00:08:42

Health: 0/94       AC: 20    Str: 24    XL:     10   Next: 67%
Magic:  10/10      EV: 15    Int:  9    God:    Trog [****..]
Gold:   467        SH:  8    Dex:  7    Spells: 9/9 levels left

rFire   . . .      SeeInvis .    G - +1 broad axe (distort)
rCold   + + .      Faith    .    o - +0 kite shield
rNeg    + . .      Spirit   .    r - +3 ring mail of the Elven Halls {Harm *Slow rElec rC+++}
rPois   ∞          Reflect  .    (no helmet)
rElec   +          Harm     +    (no cloak)
rCorr   .          Rampage  .    (no gloves)
Will    .....                    (no boots) Stlth
                                 k - amulet of regeneration
HPRegen 1.15/turn                j - +5 ring of evasion
MPRegen 0.12/turn                y - +4 ring of protection

@: berserking (expiring), very quick
A: sickness immunity, AC +7, negative energy resistance 1, electricity
resistance, torment resistance 1, petrification resistance, clumsy 1, wild magic
1, cold vulnerability 1
a: Renounce Religion, Berserk, Trog's Hand, Brothers in Arms


You were in a bailey.
You worshipped Trog.
Trog was greatly pleased with you.
You visited 1 branch of the dungeon, and saw 8 of its levels.
You also visited: Ossuary and Bailey.

You collected 467 gold pieces.

Inventory:

Hand Weapons
 a - a +0 spear
 s - a +0 trident
 G - a +1 broad axe of distortion (weapon)
Missiles
 l - 5 poisoned darts
 m - 6 boomerangs
 E - 5 javelins
 F - 2 throwing nets
 J - a curare-tipped dart
Armour
 o - a +0 kite shield (worn)
 r - the +3 ring mail of the Elven Halls (worn) {Harm *Slow rElec rC+++}
   (You found it on level 3 of the Dungeon)

   rC:        It renders you almost immune to cold.
   rElec:     It insulates you from electricity.
   *Slow:     It may slow you when you take damage.
   Harm:      It increases damage dealt and taken.
Jewellery
 j - a +5 ring of evasion (left hand)
 k - an amulet of regeneration (around neck)
 y - a +4 ring of protection (right hand)
Wands
 t - a wand of paralysis (16)
 H - a wand of flame (41)
 K - a wand of digging (8)
Scrolls
 b - 2 scrolls of enchant weapon {unknown}
 d - 3 scrolls of noise {unknown}
 h - 2 scrolls of butterflies
 i - a scroll of torment
 p - 7 scrolls of teleportation
 u - 3 scrolls of silence {unknown}
 v - a scroll of brand weapon {unknown}
 x - a scroll of poison {unknown}
 z - 4 scrolls of identify
 A - a scroll of enchant armour {unknown}
 C - 2 scrolls of blinking {unknown}
 D - a scroll of magic mapping
Potions
 c - 3 potions of heal wounds
 e - 5 potions of curing
 f - a potion of brilliance
 g - 2 potions of flight {unknown}
 n - 2 potions of magic {unknown}
 q - a potion of mutation
 w - 3 potions of lignification {unknown}
 B - 3 potions of might {unknown}
 I - a potion of ambrosia {unknown}
 L - 2 potions of resistance {unknown}


   Skills:
 + Level 7.4 Fighting
 + Level 5.4(7.9) Axes
 + Level 8.9(9.6) Polearms
 + Level 5.5 Armour
 + Level 4.9 Dodging
 + Level 2.1 Stealth
 + Level 5.4 Shields


You had 9 spell levels left.
You didn't know any spells.
Your spell library contained the following spells:

 Spells                   Type           Power      Damage    Failure   Level
 Apportation              Tloc           0%         N/A       90%         1
 Foxfire                  Conj/Fire      0%         2x1d4     90%         1
 Necrotise                Necr           0%         1d4       90%         1
 Summon Small Mammal      Summ           0%         N/A       90%         1
 Ensorcelled Hibernation  Hex/Ice        0%         N/A       97%         2
 Passwall                 Tmut/Erth      0%         N/A       97%         2
 Frozen Ramparts          Ice            0%         1d1       99%         3
 Spider Form              Tmut/Pois      0%         N/A       99%         3
 Swiftness                Air            0%         N/A       99%         3
 Anguish                  Hex/Necr       0%         N/A       100%        4
 Flame Wave               Conj/Fire      0%         2d4       100%        4
 Ice Form                 Ice/Tmut       0%         N/A       100%        4
 Sticky Flame             Conj/Fire      0%         2d3       100%        4
 Summon Ice Beast         Ice/Summ       0%         N/A       100%        4
 Borgnjor's Vile Clutch   Necr/Erth      0%         N/A       100%        5
 Metabolic Englaciation   Hex/Ice        0%         N/A       100%        5
 Yara's Violent Unravell  Hex/Tmut       0%         3d3       100%        5
 Conjure Ball Lightning   Conj/Air       0%         3x3d6     100%        6
 Discord                  Hex            0%         N/A       100%        8
 Disjunction              Tloc           0%         N/A       100%        8


Dungeon Overview and Level Annotations

Branches:
Dungeon (8/15)             Temple (0/1) D:6         Ossuary (visited)
 Bailey (1/1)
   Lair: D:8-11

Altars:
Cheibriados

Annotations:
Abyss:1 Joseph


Innate Abilities, Weirdness & Mutations

You are immune to sickness and miasma.
Your stone body is resilient. (AC +7)
You are immune to poison.
You resist negative energy. (rN+)
You are resistant to electric shocks. (rElec)
You are resistant to unholy torment.
You are immune to petrification.
You are clumsy. (Dex -2)
Your spells are a little harder to cast, but a little more powerful.
You are vulnerable to cold. (rC-)


Message History

There are monsters nearby!
You are too injured to fight recklessly!
Unknown command.
There are monsters nearby!
You are too injured to fight recklessly!
Unknown command.
There are monsters nearby!
You are too injured to fight recklessly!
Unknown command.
There are monsters nearby!
You are too injured to fight recklessly!
Unknown command.
There are monsters nearby!
You are too injured to fight recklessly!
Unknown command.
There are monsters nearby!
You are too injured to fight recklessly!
Unknown command.
There are monsters nearby!
You are too injured to fight recklessly!
Unknown command.
A red film seems to cover your vision as you go berserk!
You feel yourself moving faster!
You feel mighty! You block the orc knight's attack.
The gnoll hits you from afar with a +1 halberd of electrocution!
You feel a strong urge to attack something.
The orc knight barely misses you. The gnoll misses you.
Things that are here:
a +2 halberd of electrocution; a smoky emerald potion; a gnoll corpse You hit the orc knight.
The orc knight is moderately wounded.
You completely miss the gnoll.
The orc knight blinks!
The orc knight hits you from afar with a +0 halberd!!
* * * LOW HITPOINT WARNING * * *
You block the gnoll's attack.
You feel a strong urge to attack something.
The gnoll closely misses you.
You see here a potion of haste.
The orc knight hits you from afar with a +0 halberd!!
You die...

##### ##.'.##
+##+##'###'##+##+
#!@g.!## ##.....#
#.!§o.# ###...).#
+!.⌠.!+ #)'..⌠..+
#.!.!.# ###.....#
#!.!.!# ##.....##
+##+##+###'##+##'##
#.#.## ##)# #####
### #'#
##)#)###.###.#


You could see an orc knight and a gnoll.

Vanquished Creatures
  A two-headed ogre (D:8)
  Maggie (D:6)
  4 yaks (D:5)
  A wyvern (D:8)
  Menkaure (D:6)
  An acid dragon (D:7)
  A water moccasin (D:5)
  2 orc warriors
  2 sky beasts
  A black bear (D:5)
  An ice beast (D:6)
  An ogre (D:5)
  A centaur (D:4)
  3 phantoms
  Blork the orc (D:6)
  A kobold brigand (D:7)
  2 necrophages
  3 bullfrogs
  2 scorpions (D:6)
  A gnoll sergeant (D:6)
  4 wights (D:7)
  A howler monkey (D:5)
  A quasit (D:8)
  6 jellies
  A human zombie (Ossuary)
  6 orc priests
  2 hounds
  5 iguanas
  Ijyb (D:3)
  4 orc wizards
  3 mummies (Ossuary)
  15 gnolls
  4 adders
  A shadow imp (D:7)
  2 white imps
  2 ufetubi
  An adder zombie (Ossuary)
  5 worms
  4 dart slugs
  42 orcs
  7 ball pythons
  7 endoplasms
  5 giant cockroaches
  A gnoll zombie (Ossuary)
  12 goblins
  8 hobgoblins
  10 kobolds
  5 quokkas
  7 bats
  6 frilled lizards
  4 goblin zombies (Ossuary)
  4 hobgoblin zombies (Ossuary)
  3 kobold zombies (Ossuary)
  An orc zombie (Ossuary)
  2 quokka zombies (Ossuary)
  7 rats
  A rat zombie (Ossuary)
  A bush (D:4)
232 creatures vanquished.

Vanquished Creatures (others)
  A gnoll (D:6)
  3 demonic plants (D:8)
  3 plants (D:4)
7 creatures vanquished.

Grand Total: 239 creatures vanquished

Notes
Turn   | Place    | Note
-------+----------+-------------------------------------------
     0 | D:1      | Decipherer the Gargoyle Berserker began the quest for the
                  | Orb.
     0 | D:1      | Reached XP level 1. HP: 14/14 MP: 1/1
   322 | D:1      | Reached skill level 3 in Polearms
   322 | D:1      | Reached XP level 2. HP: 19/19 MP: 2/2
   403 | D:1      | Found a faded altar of an unknown god.
   700 | D:1      | Got the Tome of Cleavage and Doom
   860 | D:2      | Reached XP level 3. HP: 24/24 MP: 3/3
  1115 | D:2      | Reached ** piety under Trog
  1587 | D:2      | Reached XP level 4. HP: 29/29 MP: 4/4
  1749 | D:2      | Reached skill level 1 in Stealth
  2126 | D:3      | Reached skill level 4 in Polearms
  2131 | D:3      | Reached XP level 5. HP: 20/33 MP: 5/5
  2145 | D:3      | Gained mutation: You are clumsy. (Dex -2) [potion of
                  | mutation]
  2145 | D:3      | Gained mutation: You are vulnerable to cold. (rC-) [potion
                  | of mutation]
  2145 | D:3      | Gained mutation: Your spells are a little harder to cast,
                  | but a little more powerful. [potion of mutation]
  2304 | D:3      | Identified the +3 ring mail of the Elven Halls {Harm *Slow
                  | rElec rC+++}
  2309 | D:3      | Noticed Ijyb
  2323 | D:3      | Killed Ijyb
  2356 | D:3      | Identified the +1 robe of Qiuzer {Stlth+}
  2613 | D:3      | Reached *** piety under Trog
  2788 | D:3      | Reached XP level 6. HP: 38/38 MP: 6/6
  2995 | D:4      | HP: 1/38 [gnoll/+0 halberd (13)]
  3125 | D:4      | Found a sand-covered staircase.
  3133 | Ossuary  | Entered an ossuary
  3139 | Ossuary  | Reached skill level 5 in Polearms
  3143 | Ossuary  | HP: 1/57 [mummy (18)]
  3523 | D:4      | Reached skill level 1 in Shields
  3523 | D:4      | Reached XP level 7. HP: 44/44 MP: 7/7
  3588 | D:4      | Reached **** piety under Trog
  4256 | D:5      | Entered Level 5 of the Dungeon
  4261 | D:5      | Reached skill level 6 in Polearms
  4333 | D:5      | Found a snail-covered altar of Cheibriados.
  4362 | D:5      | Noticed a yak
  4363 | D:5      | Noticed a yak
  4364 | D:5      | Noticed a yak
  4364 | D:5      | Noticed a yak
  4377 | D:5      | Killed a yak
  4378 | D:5      | Reached skill level 5 in Fighting
  4378 | D:5      | Reached XP level 8. HP: 49/49 MP: 8/8
  4381 | D:5      | Killed a yak
  4388 | D:5      | Killed a yak
  4393 | D:5      | Killed a yak
  4394 | D:5      | Reached skill level 7 in Polearms
  4580 | D:5      | Reached XP level 9. HP: 55/55 MP: 9/9
  5057 | D:6      | Found a staircase to the Ecumenical Temple.
  5130 | D:6      | Reached skill level 8 in Polearms
  5197 | D:6      | Noticed Maggie
  5209 | D:6      | Killed Maggie
  5216 | D:6      | Reached skill level 5 in Armour
  5281 | D:6      | Noticed Menkaure
  5293 | D:6      | Noticed Blork the orc
  5298 | D:6      | Killed Menkaure
  5303 | D:6      | Killed Blork the orc
  5697 | D:7      | Reached skill level 1 in Axes
  5768 | D:7      | Reached XP level 10. HP: 61/61 MP: 10/10
  5797 | D:7      | Got the Almanac of the Burn
  6313 | D:7      | Noticed Joseph
  6319 | D:7      | Banished Joseph
  6320 | D:7      | Reached skill level 5 in Shields
  6396 | D:8      | Noticed a two-headed ogre
  6410 | D:8      | Killed a two-headed ogre
  6411 | D:8      | Reached skill level 5 in Axes
  6488 | D:8      | Found a flagged portal.
  6510 | Bailey   | Entered a bailey
  6610 | Bailey   | Noticed an orc knight
  6625 | Bailey   | Slain by an orc knight

Illustrated notes

Levels and vault maps discovered:
D:1:      amcnicky_arrival_single_pillar, layout_loops_cross,
          hellmonk_ecumenical_altar_blasted
D:2:      layout_basic, roderic_serpentine_path, minmay_tetromino_o4
D:3:      layout_basic, uniq_ijyb
D:4:      minmay_chambers_of_fours, layout_loops_ring, serial_forest,
          infiniplex_forest_clump_medium, infiniplex_forest_zigzag_1,
          infiniplex_forest_end_2, infiniplex_forest_corner_2,
          infiniplex_forest_join, infiniplex_forest_corner_2, enter_ossuary_3,
          grunt_decor_clamped, minmay_crossroads
D:5:      layout_loops_ring, old_standard_altar, minmay_misc_feat_iff,
          grunt_ministairs_14, minmay_misc_feat_encased,
          kennysheep_generic_room_12
D:6:      layout_rooms, minmay_temple_entry_junction, uniq_maggie,
          uniq_blork_the_orc, uniq_menkaure
D:7:      layout_basic, uniq_joseph
D:8:      layout_rooms, nicolae_overflow_hallway_of_the_gods, serial_demonic,
          serial_demonic_e, serial_demonic_c, serial_demonic_f,
          serial_demonic_d, enter_bailey_5, uniq_erica
Bailey:   bailey_polearm_nasty_gnolls, bailey

Skill      XL: |  1  2  3  4  5  6  7  8  9 10 |
---------------+-------------------------------+-----
Polearms       | 3 4 5 6 7 8 |  8.9
Dodging        | 2 3 4 |  4.9
Stealth        | 1 2 |  2.1
Fighting       | 4 5 6 7 |  7.4
Shields        | 1 2 4 5 |  5.4
Armour         | 3 4 5 |  5.5
Axes           | 1 5 |  5.4

Action                   |  1- 3 |  4- 6 |  7- 9 | 10-12 || total
-------------------------+-------+-------+-------+-------++-------
Melee: Spear             |   157 |   116 |       |       ||   273
       Trident           |       |   242 |   319 |       ||   561
       Punch             |       |     2 |       |       ||     2
       Broad axe         |       |       |    58 |   112 ||   170
Invok: Berserk           |     1 |     6 |     4 |     3 ||    14
       Trog's Hand       |       |     1 |       |       ||     1
  Use: Potion            |       |     6 |       |       ||     6
       Scroll            |       |     5 |       |     1 ||     6
 Stab: Sleeping          |     5 |     1 |       |       ||     6
Armor: Animal skin       |    25 |    44 |       |       ||    69
       Ring mail         |       |    54 |   139 |    52 ||   245
Dodge: Dodged            |    74 |   245 |   208 |   105 ||   632
Block: Kite shield       |       |    45 |   101 |    66 ||   212

Table legend: (Time is in decaauts)
 A = Elapsed time spent in this place.
 B = Non-inter-level travel time spent in this place.
 C = Inter-level travel time spent in this place.
 D = Time resting spent in this place.
 E = Time spent auto-exploring this place.
 F = Levels seen in this place.
 G = Mean time per level.
                   A        B        C        D        E       F      G
               +--------+--------+--------+--------+--------+-----+--------+
         Total |   6884 |   6580 |    304 |      0 |   4562 |  10 |  688.4 |
       Dungeon |   6486 |   6182 |    304 |      0 |   4470 |   8 |  810.8 |
       Ossuary |    274 |    274 |      0 |      0 |     40 |   1 |  274.0 |
        Bailey |    124 |    124 |      0 |      0 |     51 |   1 |  124.0 |
               +--------+--------+--------+--------+--------+-----+--------+

Top non-repeatable levels by time:
     D:2: 1300 daAuts
     D:4: 1143 daAuts
     D:3: 863 daAuts
     D:5: 823 daAuts
     D:1: 793 daAuts
     D:7: 769 daAuts
     D:6: 636 daAuts
 Ossuary: 274 daAuts
     D:8: 155 daAuts
  Bailey: 124 daAuts
